 Dungeon Crawl Stone Soup version 0.23-a0-143-g1adec7b (webtiles) character file.

53 Amnesiac the Bolt Thrower (level 3, -2/27 HPs)
             Began as a Mummy Arcane Marksman on Sept 2, 2018.
             Slain by a gnoll
             ... wielding a +0 spear
              (8 damage)
             ... on level 2 of the Dungeon.
             The game lasted 00:02:02 (1366 turns).

Amnesiac the Bolt Thrower (Mummy Arcane Marksman)   Turns: 1366, Time: 00:02:02

Health: -2/27      AC:  2    Str: 14    XL:     3   Next: 62%
Magic:  5/5        EV: 12    Int: 12    God:
Gold:   33         SH:  0    Dex: 12    Spells: 3/4 levels left

rFire    x . .     SeeInvis .   a - +0 hand crossbow
rCold    + . .     Gourm    .   (no shield)
rNeg     + + +     Faith    .   e - +0 robe
rPois    ∞         Spirit   .   (no helmet)
rElec    .         Reflect  .   (no cloak)
rCorr    .         Harm     .   (no gloves)
MR       .....                  (no boots)
Stlth    +.........             (no amulet)
HPRegen  0.09/turn              (no ring)
MPRegen  0.09/turn              (no ring)

@: no status effects
A: no food or potions, fire vulnerability, cold resistance 1, negative energy
resistance 3, torment resistance, unbreathing
a: no special abilities


You were on level 2 of the Dungeon.
You were not hungry.

You visited 1 branch of the dungeon, and saw 2 of its levels.

You collected 33 gold pieces.

Inventory:

Hand Weapons
 a - a +0 hand crossbow (weapon)
 b - a +0 hunting sling
 g - a +0 hand axe
Missiles
 d - 13 bolts (quivered)
 h - 6 javelins of penetration
 j - 14 stones
Armour
 e - a +0 robe (worn)
Jewellery
 k - an uncursed ring of resist corrosion {unknown}
Scrolls
 c - a scroll of remove curse {!r, unknown}
 f - a scroll of identify {!r, unknown}
 i - 3 scrolls of noise {!r, unknown}


   Skills:
 + Level 2.1 Fighting
 * Level 2.9 Crossbows
 - Level 1.5 Dodging
 - Level 1.3 Spellcasting
 - Level 2.6 Hexes


You had 3 spell levels left.
You knew the following spells:

 Your Spells              Type           Power        Failure   Level  Hunger
a - Corona                Hex            #......      10%         1    N/A

Your spell library contained the following spells:

 Spells                   Type           Power        Failure   Level  Hunger
 Slow                     Hex            #.......     14%         2    N/A
 Inner Flame              Hex/Fire       #.......     45%         3    N/A
 Portal Projectile        Hex/Tloc       #.....       45%         3    N/A
 Cause Fear               Hex            #.........   67%         4    N/A
 Leda's Liquefaction      Hex/Erth       #.........   86%         4    N/A

Dungeon Overview and Level Annotations

Branches:
Dungeon (2/15)

Altars:


Innate Abilities, Weirdness & Mutations

You do not eat or drink.
Your flesh is vulnerable to fire.
You are immune to poison.
Your flesh is cold resistant. (rC+)
You are immune to negative energy. (rN+++)
You are immune to unholy pain and torment.
You can survive without breathing.


Message History

Press: ? - help, Shift-Dir - straight line, f/p - gnoll
Aim: a gnoll, wielding a spear (lightly wounded)
You throw a javelin of penetration.
The javelin of penetration barely misses the gnoll.
A gnoll comes into view. It is wielding a club.
a - a +0 hand crossbow (weapon)
The gnoll shouts!
You hear an angry hiss.
Firing (i - inventory. (/) - cycle)
d - 20 bolts (quivered)
Press: ? - help, Shift-Dir - straight line, f/p - gnoll
Aim: a gnoll, wielding a spear (lightly wounded)
You shoot a bolt. The bolt closely misses the gnoll.
The gnoll barely misses you.
Unknown command.
Firing (i - inventory. (/) - cycle)
d - 19 bolts (quivered)
Press: ? - help, Shift-Dir - straight line, f/p - gnoll
Aim: a gnoll, wielding a spear (lightly wounded)
You shoot a bolt. The bolt hits the gnoll!
The gnoll is severely wounded.
The gnoll hits you from afar with a spear!
The gnoll hits you from afar with a spear.
Unknown command.
Firing (i - inventory. (/) - cycle)
d - 18 bolts (quivered)
Press: ? - help, Shift-Dir - straight line, f/p - gnoll
Aim: a gnoll, wielding a spear (severely wounded)
You shoot a bolt. The bolt closely misses the gnoll.
The bolt hits the gnoll.
The gnoll is lightly wounded.
The gnoll barely misses you.
Unknown command.
Firing (i - inventory. (/) - cycle)
d - 17 bolts (quivered)
Press: ? - help, Shift-Dir - straight line, f/p - gnoll
Aim: a gnoll, wielding a spear (severely wounded)
You shoot a bolt.
The bolt hits the gnoll but does no damage.
The gnoll is severely wounded.
The gnoll barely misses you.
Unknown command.
Firing (i - inventory. (/) - cycle)
d - 16 bolts (quivered)
Press: ? - help, Shift-Dir - straight line, f/p - gnoll
Aim: a gnoll, wielding a spear (severely wounded)
You shoot a bolt. The bolt barely misses the gnoll.
The bolt hits the gnoll but does no damage.
The gnoll is lightly wounded.
The gnoll barely misses you.
The gnoll hits you from afar with a spear.
* * * LOW HITPOINT WARNING * * *
Unknown command.
Firing (i - inventory. (/) - cycle)
d - 15 bolts (quivered)
Press: ? - help, Shift-Dir - straight line, f/p - gnoll
Aim: a gnoll, wielding a spear (severely wounded)
You shoot a bolt. The bolt closely misses the gnoll.
The bolt hits the gnoll!
The gnoll is severely wounded.
The gnoll hits you from afar with a spear!
* * * LOW HITPOINT WARNING * * *
Unknown command.
You are too injured to fight recklessly!
Unknown command.
Firing (i - inventory. (/) - cycle)
d - 14 bolts (quivered)
Press: ? - help, Shift-Dir - straight line, f/p - gnoll
Aim: a gnoll, wielding a spear (severely wounded)
You shoot a bolt. The bolt closely misses the gnoll.
The bolt hits the gnoll!
You kill the gnoll!
The gnoll barely misses you.
The gnoll hits you from afar with a spear!
You die...

##.....#
#'###......#
.#...(....#
.((......#
...$...$.#
.........#
.........#
#.##@#
#g##.#
#.g#g#
#####.#g##
#........#
#........#
#........#
#........#
#........#


You could see 2 gnolls.

Vanquished Creatures
  A gnoll (D:2)
  2 dart slugs (D:1)
  A leopard gecko (D:1)
  2 bats (D:1)
  5 giant cockroaches (D:1)
  3 goblins (D:1)
  5 hobgoblins (D:1)
  4 kobolds (D:1)
  A quokka (D:2)
  A frilled lizard (D:1)
  10 rats
35 creatures vanquished.

Notes
Turn   | Place    | Note
-------+----------+-------------------------------------------
     0 | D:1      | Amnesiac the Mummy Arcane Marksman began the quest for the
                  | Orb.
     0 | D:1      | Reached XP level 1. HP: 15/15 MP: 2/2
   335 | D:1      | Reached XP level 2. HP: 21/21 MP: 4/4
   621 | D:1      | Reached XP level 3. HP: 19/27 MP: 5/5
  1366 | D:2      | Slain by a gnoll

Vault maps used:
D:1:      onia_arrival_larder, minmay_misc_feat_alley
D:2:      kennysheep_potato, uniq_terence

Skill      XL: |  1  2  3 |
---------------+----------+-----
Crossbows      | 2 |  2.9
Fighting       | 2 |  2.1
Dodging        | |  1.5
Spellcasting   | |  1.3
Hexes          | |  2.6

Action                   || total
-------------------------++-------
Melee: Unarmed           ||    26
       Hand axe          ||    76
 Fire: Hand crossbow     ||    20
Throw: Javelin           ||    18
 Stab: Sleeping          ||     1
       Distracted        ||     1
Armor: Robe              ||    25
Dodge: Dodged            ||    97

Table legend:
 A = Non-vault XP
 B = Vault XP
 C = Vault XP percentage of total XP
 D = Non-vault monster count
 E = Vault monster count
 F = Vault count percentage of total count
                 A         B        C        D         E       F
            +---------+---------+-------+---------+---------+-------
      Total |      64 |      12 |  15.8 |      27 |       8 |  22.9
            +---------+---------+-------+---------+---------+-------
        D:1 |      46 |      12 |  20.7 |      24 |       8 |  25.0
        D:2 |      18 |       0 |   0.0 |       3 |       0 |   0.0
            +---------+---------+-------+---------+---------+-------
